 Dungeon Crawl Stone Soup version 0.17.1-2-g5865329 (webtiles) character file.

133 namelastname112 the Ruffian (level 4, 0/38 HPs)
             Began as a Draconian Chaos Knight on Jan 23, 2016.
             Slain by a gnoll (2 damage)
             ... on level 4 of the Dungeon.
             The game lasted 00:03:13 (2293 turns).

namelastname112 the Ruffian (DrCK)                  Turns: 2293, Time: 00:03:13

Health: 0/38       AC:  6    Str: 14    XL:     4   Next: 93%
Magic:  4/4        EV: 12    Int: 13    God:    Xom [..*...]
Gold:   177        SH:  0    Dex: 11    Spells: 0 memorised, 3 levels left

rFire  . . .     SeeInvis .       - Unarmed
rCold  . . .     Clarity  .     (armour unavailable)
rNeg   . . .     SustAt   .     (no shield)
rPois  +         Gourm    .     (helmet restricted)
rElec  .         Spirit   .     n - +0 cloak
rCorr  .         Warding  .     (no gloves)
rMut   .         Stasis   .     (no boots)
MR     .....                    (no amulet)
Stlth  +.........               p - ring of poison resistance
                                b - ring of wizardry (curse)

@: glowing, not resistant to hostile enchantments, very unstealthy
A: unfitting armour, cold-blooded, AC +5
a: Renounce Religion


You were on level 4 of the Dungeon.
You worshipped Xom.
You were a toy of Xom.
You were very hungry.

You visited 1 branch of the dungeon, and saw 4 of its levels.

You collected 177 gold pieces.

Inventory:

Armour
 n - a +0 cloak (worn)
Jewellery
 b - a cursed ring of wizardry (left hand)
 j - an uncursed ring of magical power
 p - a ring of poison resistance (right hand)
Scrolls
 c - a scroll of noise {unknown}
 f - a scroll of amnesia {unknown}
 g - a scroll of enchant weapon {unknown}
 l - a scroll of immolation {unknown}
 m - a scroll of teleportation {unknown}
 o - a scroll of blinking {unknown}
 q - a scroll of identify {unknown}
Potions
 h - a potion of magic {unknown}
 k - a potion of haste {unknown}
Comestibles
 a - 3 bread rations
 d - 2 beef jerkies
 i - 2 meat rations


   Skills:
 - Level 3.2 Fighting
 - Level 2.1 Dodging
 + Level 5.7 Unarmed Combat


You had 3 spell levels left.
You didn't know any spells.

Dungeon Overview and Level Annotations

Branches:
Dungeon (4/15)
 Temple: D:4-7

Altars:
Cheibriados
Fedhas
Okawaru
The Shining One


Innate Abilities, Weirdness & Mutations

Your plain brown scales are hard (AC +5).
Your body does not fit into most forms of armour.
You are cold-blooded and may be slowed by cold attacks.


Message History

It was a potion of curing.
You feel better.
Xom thinks this is hilarious!
The gnoll closely misses you.
You hit the gnoll.
The gnoll is moderately wounded.
The gnoll hits you but does no damage.
You closely miss the gnoll.
The gnoll is moderately wounded.
The gnoll hits you.
* * * LOW HITPOINT WARNING * * *
You closely miss the gnoll.
The gnoll is moderately wounded.
The gnoll hits you but does no damage.
Drink which item? (? for menu, Esc to quit)
Okay, then.
You hit the gnoll.
The gnoll is severely wounded.
The gnoll hits you.
You die... "It was about time."

. .$ ... .)
#.#### #..§@#
####g# # #§###
.####
#...####..... ##
###..........
...###...........
#...............
####............
######†..........


You could see a gnoll.

Vanquished Creatures
  A gnoll shaman (D:4)
  7 adders
  2 giant geckos (D:2)
  5 bats
  4 giant cockroaches
  5 goblins
  4 hobgoblins
  A giant newt (D:4)
  8 kobolds
  7 rats
44 creatures vanquished.

Notes
Turn   | Place    | Note
--------------------------------------------------------------
     0 | D:1      | namelastname112 the Draconian Chaos Knight began the quest for the Orb.
     0 | D:1      | Reached XP level 1. HP: 19/19 MP: 1/1
    98 | D:1      | Found an iron altar of Okawaru.
   150 | D:1      | XOM: divination: detect creatures
   238 | D:1      | Reached XP level 2. HP: 26/26 MP: 2/2
   522 | D:1      | XOM: harmless Trmt miscast
   867 | D:2      | Reached skill level 4 in Unarmed Combat
   867 | D:2      | Reached XP level 3. HP: 28/31 MP: 3/3
  1011 | D:2      | Found a glowing golden altar of the Shining One.
  1245 | D:2      | XOM is BORED!
  1245 | D:2      | XOM: harmless Air miscast
  1375 | D:2      | Reached XP level 4. HP: 28/38 MP: 4/4
  1606 | D:2      | XOM: silly message
  1611 | D:2      | Reached skill level 5 in Unarmed Combat
  1664 | D:2      | XOM is BORED!
  1664 | D:2      | XOM: mild Chrm miscast
  1875 | D:3      | XOM: noise
  1952 | D:3      | Found a faded altar to an unknown god.
  2153 | D:3      | Found a snail-covered altar of Cheibriados.
  2156 | D:3      | Found a blossoming altar of Fedhas.
  2259 | D:4      | XOM: divination: detect creatures
  2285 | D:4      | XOM: smoke on damage
  2293 | D:4      | Slain by a gnoll

Action                   |  1- 3 |  4- 6 || total
-------------------------+-------+-------++-------
Melee: Unarmed           |   128 |    55 ||   183
  Use: Potion            |       |     1 ||     1
 Stab: Sleeping          |       |     1 ||     1
  Eat: Chunk             |     1 |     2 ||     3
